 Dungeon Crawl Stone Soup version 0.18.1-48-g4cf74bf (webtiles) character file.

443 poirepourri the Magician (level 6, -4/32 HPs)
             Began as a Deep Elf Conjurer on July 6, 2016.
             Was an Initiate of Vehumet.
             Slain by an ogre
             ... wielding a +0 giant club
              (15 damage)
             ... on level 5 of the Dungeon.
             The game lasted 00:04:11 (4040 turns).

poirepourri the Magician (Deep Elf Conjurer)        Turns: 4040, Time: 00:04:12

Health: -4/32      AC:  3    Str:  5    XL:     6   Next: 71%
Magic:  11/18      EV: 13    Int: 22    God:    Vehumet [......]
Gold:   190        SH:  0    Dex: 15    Spells: 3 memorised, 13 levels left

rFire  . . .     SeeInvis .     l - +0 short sword
rCold  . . .     Gourm    .     a - +0 robe
rNeg   . . .     Faith    .     (no shield)
rPois  .         Spirit   .     r - +1 hat
rElec  .         Dismiss  .     (no cloak)
rCorr  .         Reflect  .     (no gloves)
SustAt .         Harm     .     (no boots)
MR     .....                    (no amulet)
Stlth  ++........               (no ring)
                                (no ring)

@: not resistant to hostile enchantments, unstealthy
A: no striking features
a: Renounce Religion


You were on level 5 of the Dungeon.
You worshipped Vehumet.
Vehumet was noncommittal.
You were not hungry.

You visited 1 branch of the dungeon, and saw 5 of its levels.

You collected 190 gold pieces.

Inventory:

Hand Weapons
 l - a +0 short sword (weapon)
Armour
 a - a +0 robe (worn)
 r - a +1 hat (worn)
Scrolls
 f - a scroll of remove curse
 n - 4 scrolls of teleportation
Potions
 d - a potion of cancellation
 e - a potion of might {unknown}
 g - a potion of magic {unknown}
 h - 2 potions of curing
 i - a potion of berserk rage {unknown}
 j - 2 potions of mutation {unknown}
 k - 3 potions of flight
 o - a potion of brilliance {unknown}
Books
 b - a book of Conjurations

   Spells                             Type                      Level
   a - Magic Dart                     Conjuration                  1
   b - Searing Ray                    Conjuration                  2
   c - Dazzling Spray                 Conjuration/Hexes            3
   d - Fulminant Prism                Conjuration/Hexes            4
   e - Iskenderun's Mystic Blast      Conjuration                  4
   f - Iskenderun's Battlesphere      Conjuration/Charms           5
Comestibles
 p - 2 slices of pizza


   Skills:
 + Level 2.7 Dodging
 + Level 3.2 Stealth
 + Level 7.1 Spellcasting
 + Level 6.7 Conjurations


You had 13 spell levels left.
You knew the following spells:

 Your Spells              Type           Power        Failure   Level  Hunger
a - Magic Dart            Conj           ####         1%          1    None
b - Searing Ray           Conj           #####.       1%          2    None
c - Dazzling Spray        Conj/Hex       ###...       8%          3    None


Dungeon Overview and Level Annotations

Branches:
Dungeon (5/15)
 Temple: D:4-7

Altars:
Ashenzari
Pakellas
Vehumet
Yredelemnul

Shops:
D:2 }


Message History

Aim: an ogre, wielding a giant club The searing ray hits the ogre.
The ogre is lightly wounded.
A jackal comes into view.
The searing ray hits the ogre.
The ogre is moderately wounded.
The ogre hits you with a giant club!!
Ouch! That really hurt!
You hear a shout!
The searing ray hits the ogre.
The ogre is heavily wounded.
A crimson imp comes into view.
The searing ray hits the ogre.
The ogre is severely wounded.
The searing ray hits the jackal.
You kill the jackal!
Vehumet accepts your kill. The ogre closely misses you.
The ogre hits you with a giant club!
You die...

##### ...#
#.##########
#..........#
######..........#
###
#.5O@...........#
#..
#†####.##....####
#.. #.#####.#
###<†
#.#.....####.†..
#.#.............
................
###.............
#..............
.......######...


You could see an ogre and a crimson imp.

Vanquished Creatures
  The ghost of TBriggs11TB the Slinger, an amateur HaHu of Cheibriados (D:4)
  2 orc priests (D:3)
  Ijyb (D:2)
  2 worker ants
  A hound skeleton (D:4)
  A gnoll (D:3)
  4 adders
  2 worms (D:3)
  4 dart slugs (D:1)
  2 giant geckos
  5 orcs (D:3)
  6 hobgoblins
  8 jackals
  4 kobolds
  4 quokkas
  2 bats
  5 giant newts
  7 goblins
  2 rats (D:2)
63 creatures vanquished.

Notes
Turn   | Place    | Note
--------------------------------------------------------------
     0 | D:1      | poirepourri the Deep Elf Conjurer began the quest for the Orb.
     0 | D:1      | Reached XP level 1. HP: 10/10 MP: 6/6
   467 | D:1      | Reached XP level 2. HP: 12/15 MP: 0/8
   934 | D:1      | Reached skill level 5 in Conjurations
  1234 | D:2      | Learned a level 2 spell: Searing Ray
  1339 | D:2      | Noticed Ijyb
  1346 | D:2      | Killed Ijyb
  1346 | D:2      | Reached XP level 3. HP: 19/19 MP: 0/10
  1481 | D:2      | Learned a level 3 spell: Dazzling Spray
  1645 | D:2      | Found an oddly glowing altar of Pakellas.
  1645 | D:2      | Found Pakellas's Prime Provisions.
  1676 | D:2      | Reached skill level 4 in Spellcasting
  1676 | D:2      | Reached XP level 4. HP: 24/24 MP: 4/12
  2370 | D:3      | Found a basalt altar of Yredelemnul.
  2446 | D:3      | Reached skill level 5 in Spellcasting
  2451 | D:3      | Reached XP level 5. HP: 24/28 MP: 4/14
  3227 | D:4      | Noticed TBriggs11TB's ghost (amateur HaHu)
  3235 | D:4      | Killed TBriggs11TB's ghost
  3235 | D:4      | Reached skill level 6 in Spellcasting
  3235 | D:4      | Reached XP level 6. HP: 25/32 MP: 7/17
  3483 | D:4      | Found a shattered altar of Ashenzari.
  3658 | D:4      | Found a radiant altar of Vehumet.
  3709 | D:4      | Became a worshipper of Vehumet
  3715 | D:4      | Reached skill level 7 in Spellcasting
  3876 | D:5      | Entered Level 5 of the Dungeon
  4040 | D:5      | Slain by an ogre

Skill      XL: |  1  2  3  4  5  6 |
---------------+-------------------+-----
Conjurations   | 5 6 |  6.7
Spellcasting   | 4 5 6 7 |  7.1
Stealth        | 3 |  3.2
Dodging        | |  2.7

Action                   |  1- 3 |  4- 6 || total
-------------------------+-------+-------++-------
Melee: Unarmed           |     2 |       ||     2
 Cast: Magic Dart        |    61 |    72 ||   133
       Searing Ray       |       |    12 ||    12
  Use: Scroll            |     2 |     7 ||     9
  Eat: Bread ration      |     1 |     1 ||     2
       Pizza             |       |     1 ||     1
       Beef jerky        |       |     1 ||     1
Armor: Robe              |     2 |     2 ||     4
Dodge: Dodged            |     6 |    14 ||    20
